 Dungeon Crawl Stone Soup version 0.29.1-15-g9cfb28693d (webtiles) character file.

Game seed: 11847777513595705773

44 hawla the Chiller (level 4, -1/26 (33) HPs)
             Began as a Meteoran Ice Elementalist on Apr 4, 2023.
             Slain by a necrophage (2 damage)
             ... on level 4 of the Dungeon.
             The game lasted 00:02:17 (281 turns).

hawla the Chiller (Meteoran Ice Elementalist)        Turns: 281, Time: 00:02:17

HP:   -1/26 (33)    AC:  2    Str:  9    XL:     4   Next: 8%
MP:   6/10          EV: 12    Int: 19    God:
Gold: 30            SH:  0    Dex: 14    Spells: 1/9 levels left

rFire   . . .      SeeInvis .   (no weapon)
rCold   + . .      Faith    .   (no shield)
rNeg    . . .      Spirit   .   a - +0 robe
rPois   .          Reflect  .   (no helmet)
rElec   .          Harm     .   (no cloak)
rCorr   .          Rampage  .   (no gloves)
Will    .....                   (no boots)
Stlth   +.........              (no amulet)
HPRegen 0.08/turn               b - ring of protection from cold
MPRegen 0.12/turn               (no ring)

@: confused, ambrosia-drunk, glowing, heavily drained
A: sense surroundings 1, otherworldly, glowing, explore regen
a: no special abilities


You were on level 4 of the Dungeon.
You visited 1 branch of the dungeon, and saw 4 of its levels.

You collected 30 gold pieces.

Inventory:

Armour
 a - a +0 robe (worn)
Jewellery
 b - a ring of protection from cold (left hand)
Wands
 e - a wand of paralysis (7) (quivered)
Scrolls
 d - a scroll of magic mapping {unknown}


   Skills:
 - Level 2.6 Dodging
 - Level 1.4 Stealth
 - Level 3.4 Spellcasting
 + Level 0.3 Conjurations
 - Level 5.2 Ice Magic


You had one spell level left.
You knew the following spells:

 Your Spells              Type           Power      Damage    Failure   Level
a - Freeze                Ice            92%        1d10      1%          1
b - Frozen Ramparts       Ice            46%        1d7       4%          3
c - Hailstorm             Conj/Ice       14%        3d5       41%         4

Your spell library contained the following spells:

 Spells                   Type           Power      Damage    Failure   Level
 Ozocubu's Armour         Ice            23%        N/A       4%          3


Dungeon Overview and Level Annotations

Branches:
Dungeon (4/15) Zot: 2111
 Temple: D:4-7

Altars:


Innate Abilities, Weirdness & Mutations

You passively map a small area around you.
You are easily found by Zot.
You glow in the dark.
You regain HP and MP as you explore.


Message History

Aim: a necrophage (heavily damaged)
You freeze the necrophage.
The necrophage resists.
The necrophage is heavily damaged.
The necrophage resists.
The wall freezes the necrophage.
The necrophage hits you but does no damage.
Casting: Freeze (safe; 1% risk of failure)
Confirm with . or Enter, or press ? or * to list all spells.
Aiming: Freeze (safe; 1% risk of failure)
Press: ? - help, Shift-Dir - straight line, f/p - necrophage
Aim: a necrophage (heavily damaged)
You freeze the necrophage.
The necrophage resists.
The necrophage is severely damaged.
The necrophage resists.
The wall freezes the necrophage.
The necrophage hits you.
Casting: Freeze (safe; 1% risk of failure)
Confirm with . or Enter, or press ? or * to list all spells.
Aiming: Freeze (safe; 1% risk of failure)
Press: ? - help, Shift-Dir - straight line, f/p - necrophage
Aim: a necrophage (severely damaged)
You freeze the necrophage.
The necrophage resists.
The necrophage is almost destroyed.
The frozen ramparts melt away.
The necrophage hits you.
* * * LOW HITPOINT WARNING * * *
Casting: Freeze (safe; 1% risk of failure)
Confirm with . or Enter, or press ? or * to list all spells.
Aiming: Freeze (safe; 1% risk of failure)
Press: ? - help, Shift-Dir - straight line, f/p - necrophage
Aim: a necrophage (almost destroyed)
You freeze the necrophage.
The necrophage resists.
The necrophage is almost destroyed.
The necrophage hits you.
* * * LOW HITPOINT WARNING * * *
You feel drained.
* * * LOW HITPOINT WARNING * * *
It was a potion of ambrosia.
You are confused.
You feel invigorated. The necrophage hits you.
* * * LOW HITPOINT WARNING * * *
You feel drained.
You die...

####.##.# * #.......#
* * ##.##.##.#######
#..............#
#..##.....####.#
##..##.##.<# #.#
#......##..####.######
#..........#....(.?..#
#..######..#.##@####.#
#..# *, ...#.##n# #..#
#.##..#.##.# ##..#
#.###.#.##.. * * ....#
#.# #.#.###.*
.#.####.###.#.###.#
.#.# #..........#.#
.#.# #..###.#.#.#.#
.#.###..###.#.#.#.# *
*


You could see a necrophage.

Vanquished Creatures
  3 adders
  3 dart slugs
  A ball python (D:1)
  2 endoplasms
  3 hobgoblins
12 creatures vanquished.

Notes
Turn   | Place    | Note
-------+----------+-------------------------------------------
     0 | D:1      | hawla the Meteoran Ice Elementalist began the quest for the
                  | Orb.
     0 | D:1      | Reached XP level 1. HP: 14/14 MP: 5/5
    54 | D:1      | Reached XP level 2. HP: 12/20 MP: 1/6
    99 | D:2      | Reached skill level 5 in Ice Magic
    99 | D:2      | Reached XP level 3. HP: 20/26 MP: 4/8
   171 | D:3      | Learned a level 3 spell: Frozen Ramparts
   243 | D:4      | Reached XP level 4. HP: 33/33 MP: 5/10
   260 | D:4      | Learned a level 4 spell: Hailstorm
   268 | D:4      | Noticed a necrophage
   280 | D:4      | HP: 1/28 [necrophage (1)]
   281 | D:4      | Slain by a necrophage

Illustrated notes

Levels and vault maps discovered:
D:1:      lightli_arrival_boilingwater, layout_loops_ring, item_on_display_a
D:2:      layout_basic, basic_altar, shapermc_ecumenical_altar_starsandcircs,
          minivault_27
D:3:      layout_loops_cross, kennysheep_minor_cross
D:4:      layout_loops_ring, tgw_xom, minmay_temple_entry_enclosed_plants,
          uniq_blork_the_orc

Skill      XL: |  1  2 |
---------------+-------+-----
Spellcasting   | 3 |  3.4
Ice Magic      | 5 |  5.2
Dodging        | |  2.6
Stealth        | |  1.4
Conjurations   | |  0.3

Action                   |  1- 3 |  4- 6 || total
-------------------------+-------+-------++-------
Melee: Unarmed           |     4 |     3 ||     7
 Cast: Freeze            |    21 |     7 ||    28
       Frozen Ramparts   |     2 |     1 ||     3
  Use: Potion            |     1 |     1 ||     2
       Scroll            |     1 |       ||     1
Armor: Robe              |     5 |     1 ||     6
Dodge: Dodged            |    11 |     4 ||    15
